 Dungeon Crawl Stone Soup version 0.32-a0-656-g3542139ebd (webtiles) character file.

Game seed: 15986454566148808870

16725 jt the Cleaver (level 12, -3/102 HPs)
             Began as a Coglin Monk on Mar 8, 2024.
             Was the Champion of Jiyva.
             Killed by an exploding yak (10 damage)
             ... ignited by their inner flame
             ... on level 5 of the Lair of Beasts.
             The game lasted 00:25:05 (7078 turns).

jt the Cleaver (Coglin Monk)                        Turns: 7078, Time: 00:25:06

Health: -3/102     AC: 14    Str: 19    XL:     12   Next: 40%
Magic:  10/12      EV: 14    Int: 14    God:    Jiyva [******]
Gold:   192        SH:  0    Dex: 15    Spells: 11/11 levels left

rFire   + + +        K - +3 mace "Cuhej" {pain, rF+ rC+}
rCold   + . .        A - +5 trident (drain) {Haeun}
rNeg    + + .        y - +3 leather armour {rN+}
rPois   +            L - +1 hat
rElec   .            k - +2 cloak
rCorr   +            Z - +1 pair of gloves of the Exiled Artisans {rN+ Will+ Str+3}
SInv    .            (no boots)
Will    +....        (amulet unavailable)
Stlth   +            (ring unavailable)
HPRegen 1.97/turn    (ring unavailable)
MPRegen 0.93/turn    (no gizmo)

%: no passive effects
@: calling ooze, slowed, invisible, very slow
A: off-hand wielding, slow wielding, warmup strikes, no jewellery, iridescent
scales 1, clever 1, fire resistance 3, mutation resistance 2, poison resistance,
jelly sensing items, MP-powered wands
a: Invent Gizmo, Renounce Religion, Oozemancy, Slimify


You were on level 5 of the Lair of Beasts.
You worshipped Jiyva.
Jiyva was exalted by your worship.
You visited 3 branches of the dungeon, and saw 16 of its levels.
You also visited: Bailey.

You collected 291 gold pieces.
You spent 99 gold pieces at shops.

Inventory:

Hand Weapons
 g - a +2 quarterstaff of chaos
 i - the +8 lajatang of Compound Interest {venom, Str+2}
   (You found it in a bailey)

   Str+2:     It affects your strength (+2).
 n - a +0 hand axe {Gisele}
 z - a +2 whip of pain
 A - a +5 trident of draining (offhand) {Haeun}
 B - a +0 sling
 F - a +3 trident {Genichi}
 K - the +3 mace "Cuhej" (weapon) {pain, rF+ rC+}
   (You found it on level 3 of the Lair of Beasts)

   rF+:       It protects you from fire.
   rC+:       It protects you from cold.
 S - a +2 heavy flail
 T - a +0 war axe {Ning}
 U - a +1 whip of electrocution {Suthep}
 V - a +3 spear of venom
Missiles
 j - 19 poisoned darts (quivered)
 v - 4 atropa-tipped darts
 M - a curare-tipped dart
 Q - 4 javelins
 R - a throwing net
Armour
 b - a +0 robe
 d - an orb of light
 h - a +0 leather armour
 k - a +2 cloak (worn)
 p - a +0 ring mail
 q - a +0 buckler
 r - +2 acid dragon scales
 s - a +0 chain mail
 y - a +3 leather armour of positive energy (worn)
 J - a scarf of resistance
 L - a +1 hat (worn)
 W - a +0 helmet
 Z - the +1 pair of gloves of the Exiled Artisans (worn) {rN+ Will+ Str+3}
   (You acquired it on level 4 of the Lair of Beasts)

   Str+3:     It affects your strength (+3).
   rN+:       It protects you from negative energy.
   Will+:     It increases your willpower.
Magical Staves
 D - a staff of fire
Talismans
 l - a blade talisman
 u - a beast talisman
 N - a serpent talisman
Wands
 o - a wand of flame (22)
 x - a wand of warping (7)
Scrolls
 m - a scroll of brand weapon
 G - 2 scrolls of fog
 H - 3 scrolls of enchant armour
 O - 2 scrolls of revelation
 X - 2 scrolls of teleportation
Potions
 a - a potion of curing
 c - a potion of ambrosia
 C - a potion of brilliance {unknown}
 E - 2 potions of might
 I - 2 potions of mutation {unknown}
 Y - a potion of attraction {unknown}


   Skills:
 + Level 11.9 Fighting
 + Level 14.9 Axes
 - Level 3.0 Armour
 + Level 5.8 Dodging
 - Level 3.0 Evocations


You had 11 spell levels left.
You didn't know any spells.
Your spell library contained the following spells:

 Spells                   Type           Power      Damage    Failure   Level
 Call Canine Familiar     Summ           0%         N/A       71%         3
 Sigil of Binding         Hex            0%         N/A       71%         3
 Dimensional Bullseye     Hex/Tloc       0%         N/A       98%         4
 Curse of Agony           Necr           0%         N/A       100%        5
 Summon Mana Viper        Hex/Summ       0%         N/A       100%        5


Dungeon Overview and Level Annotations

Branches:
Dungeon (10/15)            Temple (1/1) D:5            Lair (5/5) D:10
  Snake (0/4) Lair:3       Bailey (visited)
  Swamp: Lair:2-3    Shoals: Lair:2-3     Slime: Lair:4-5       Orc: D:9-12

Altars:
Ashenzari
Cheibriados
Dithmenos
Elyvilon
Fedhas
Gozag
Hepliaklqana
Kikubaaqudgha
Makhleb
Nemelex Xobeh
Okawaru
Qazlal
Ru
Sif Muna
Trog
Uskayaw
Vehumet
Wu Jian
Xom
Yredelemnul
Zin
The Shining One
Jiyva

Shops:
D:7 *   D:8 ?**!


Innate Abilities, Weirdness & Mutations

You can wield a second weapon in your off-hand.
It takes a long time for you to wield or remove held weapons.
Your first few attacks do less damage.
You cannot equip rings or amulets.
You are partially covered in iridescent scales. (AC +2)
Your mind is acute. (Int +4, Str/Dex -1)
Your flesh is almost immune to the effects of heat. (rF+++)
You are somewhat resistant to both further mutation and mutation removal.
Your system is resistant to poisons. (rPois)
You have a small jelly attached to you that senses nearby items.
You expend magic power (3 MP) to strengthen your wands.


Message History

Okay, then.
Activating: Oozemancy (0% risk of failure)
Press: ? - help, Dir - look around, f - activate Slime begins to ooze from the nearby walls!
The water moccasin barely misses you.
The wall burns the yak!
Flame seeps out of the yak.
The walls burn the yak!
Flame seeps out of the yak.
The yak barely misses you.
The wall burns the yak!
Flame seeps out of the yak.
The yak gores you.
* * * LOW HITPOINT WARNING * * *
The wall burns the yak!
Flame seeps out of the yak.
The water moccasin misses you.
The wall burns the blink frog!
Flame seeps out of the blink frog.
The yak is engulfed in blazing flames.
The yak explodes!
The fiery explosion engulfs the yak!!!
The fiery explosion engulfs you. You resist.
* * * LOW HITPOINT WARNING * * *
The fiery explosion engulfs the yak!!
Flame seeps out of the yak.
The yak is almost dead.
The fiery explosion engulfs the water moccasin!
Flame seeps out of the water moccasin.
The water moccasin is heavily wounded.
The yak explodes!
The fiery explosion engulfs the yak.
Flame seeps out of the yak.
The yak is moderately wounded.
The fiery explosion engulfs the yak!!
The fiery explosion engulfs the torpor snail!!!
Flame seeps out of the torpor snail.
The torpor snail is almost dead.
The fiery explosion engulfs the yak!!
Flame seeps out of the yak.
The yak is severely wounded.
The yak explodes!
The fiery explosion engulfs the torpor snail!!!
The fiery explosion engulfs the water moccasin!!
The fiery explosion engulfs the yak!!
The fiery explosion engulfs the blink frog!!
Flame seeps out of the blink frog.
The blink frog is almost dead.
The fiery explosion engulfs you! You resist.
You die...
Jiyva sends a jelly to digest your remains.

....# #.... ....
# #...#####
..##..P.#P.# #
.....?.○F.P#.#
.....§○○F....#
.....Y○○○....###
#P...##○@F....P.
#.. ###P...... #
###.... ... .. ∆
........##


You could see a yak (inner flame, unable to see you) and 3 blink frogs.

Vanquished Creatures
  A hydra (Lair:3)
  A lindwurm (Lair:4)
  Pikel (D:9)
  A salamander (Lair:3)
  A black mamba (Lair:3)
  Jeremiah (D:6)
  A torpor snail (Lair:5)
  5 cane toads
  7 komodo dragons
  A troll (D:9)
  Sigmund (D:6)
  4 wyverns
  2 spriggans (Bailey)
  27 yaks
  A hog (Lair:4)
  A basilisk (Lair:2)
  A warg (D:10)
  2 steam dragons
  2 nagas (Lair:3)
  An acid dragon (D:10)
  8 water moccasins
  2 black bears
  5 ogres
  6 wolves (Lair:1)
  A centaur (D:5)
  A phantom (D:5)
  3 kobold brigands
  7 bullfrogs
  3 gnoll sergeants
  5 scorpions
  4 wights (D:9)
  2 electric eels (D:8)
  A howler monkey (D:8)
  A hound (D:6)
  2 bombardier beetles
  4 orc priests
  Crazy Yiuf (D:3)
  4 iguanas
  Natasha (thrice) (D:2)
  6 orc wizards
  7 gnolls
  7 adders
  A white imp (D:5)
  A dart slug (D:1)
  21 orcs
  3 giant cockroaches
  7 goblins
  7 hobgoblins
  7 jackals
  2 quokkas
  5 ball pythons
  10 bats
  4 frilled lizards
  20 kobolds
  3 rats
236 creatures vanquished.

Vanquished Creatures (collateral kills)
  Gastronok (D:8)
  A two-headed ogre (Bailey)
  A hound (D:5)
  2 orc priests (D:4)
  An orc wizard (D:4)
6 creatures vanquished.

Vanquished Creatures (others)
  A slime creature (Bailey)
  A water moccasin (D:8)
  2 centaurs
  A kobold brigand (D:9)
  A bullfrog (D:8)
  A scorpion (D:6)
  An electric eel (D:8)
  13 jellies
  A howler monkey (D:6)
  A gnoll bouda (D:6)
  2 iguanas (D:6)
  2 orc wizards (D:6)
  6 gnolls
  A white imp (D:5)
  A dart slug (D:2)
  An endoplasm (D:3)
  A ribbon worm (D:2)
  7 orcs
  A bat (D:3)
  A hobgoblin (D:3)
  5 jackals (D:2)
  12 kobolds
  2 ball pythons
  2 goblins (D:2)
67 creatures vanquished.

Grand Total: 309 creatures vanquished

Notes
Turn   | Place    | Note
-------+----------+-------------------------------------------
     0 | D:1      | jt the Coglin Monk began the quest for the Orb.
     0 | D:1      | Reached XP level 1. HP: 18/18 MP: 1/1
   117 | D:1      | Reached XP level 2. HP: 20/24 MP: 2/2
   177 | D:1      | Found a faded altar of an unknown god.
   181 | D:1      | Prayed at the altar of an unknown god.
   181 | D:1      | Became a worshipper of Jiyva Juxecin the Shapeless
   181 | D:1      | Reached * piety under Jiyva
   181 | D:1      | Reached ** piety under Jiyva
   297 | D:1      | Reached *** piety under Jiyva
   333 | D:1      | Gained mutation: Your mind is acute. (Int +4, Str/Dex -1)
                  | [Jiyva's grace]
   333 | D:1      | Gained mutation: Your mind is very acute. (Int +8, Str/Dex
                  | -2) [Jiyva's grace]
   333 | D:1      | Gained mutation: You are partially covered in iridescent
                  | scales. (AC +2) [Jiyva's grace]
   333 | D:1      | Gained mutation: You are mostly covered in iridescent
                  | scales. (AC +4) [Jiyva's grace]
   575 | D:2      | Reached XP level 3. HP: 29/29 MP: 3/3
   707 | D:2      | Noticed Natasha
   718 | D:2      | Killed Natasha
   719 | D:2      | Reached skill level 4 in Axes
   748 | D:2      | Noticed Natasha
   767 | D:2      | Killed Natasha
   768 | D:2      | Reached XP level 4. HP: 24/37 MP: 4/4
   813 | D:2      | Noticed Natasha
   821 | D:2      | Killed Natasha
  1026 | D:3      | Reached **** piety under Jiyva
  1068 | D:3      | Found an opulent altar of Gozag.
  1069 | D:3      | Found an ornate altar of the Wu Jian Council.
  1073 | D:3      | Found a shimmering altar of Xom.
  1078 | D:3      | Found an ancient bone altar of Kikubaaqudgha.
  1079 | D:3      | Found a sacrificial altar of Ru.
  1158 | D:3      | Reached XP level 5. HP: 42/42 MP: 5/5
  1359 | D:3      | Reached skill level 5 in Axes
  1501 | D:3      | Found a runed translucent door.
  1502 | D:3      | Noticed Crazy Yiuf
  1509 | D:3      | Killed Crazy Yiuf
  1767 | D:4      | Reached ***** piety under Jiyva
  1869 | D:4      | Reached XP level 6. HP: 49/49 MP: 6/6
  1913 | D:4      | Reached skill level 1 in Armour
  2152 | D:4      | Lost mutation: You are mostly covered in iridescent scales.
                  | (AC +4) [Jiyva's grace]
  2152 | D:4      | Gained mutation: You are mostly covered in iridescent
                  | scales. (AC +4) [Jiyva's grace]
  2152 | D:4      | Gained mutation: You are completely covered in iridescent
                  | scales. (AC +6) [Jiyva's grace]
  2152 | D:4      | Gained mutation: You have a small jelly attached to you
                  | that senses nearby items. [Jiyva's grace]
  2152 | D:4      | Gained mutation: You expend magic power (3 MP) to
                  | strengthen your wands. [Jiyva's grace]
  2232 | D:5      | Entered Level 5 of the Dungeon
  2255 | D:5      | Reached skill level 6 in Axes
  2255 | D:5      | Reached XP level 7. HP: 53/55 MP: 7/7
  2287 | D:5      | Reached skill level 5 in Fighting
  2373 | D:5      | Found a staircase to the Ecumenical Temple.
  2454 | D:5      | Reached skill level 7 in Axes
  2545 | Temple   | Entered the Ecumenical Temple
  2664 | D:5      | Reached ****** piety under Jiyva
  2716 | D:5      | Reached XP level 8. HP: 48/64 MP: 8/8
  2861 | D:6      | Noticed Jeremiah
  2864 | D:6      | Noticed Sigmund
  2895 | D:6      | Killed Jeremiah
  2896 | D:6      | Reached skill level 8 in Axes
  2909 | D:6      | Killed Sigmund
  2910 | D:6      | Reached skill level 9 in Axes
  2951 | D:6      | Found a blossoming altar of Fedhas.
  3225 | D:6      | Reached XP level 9. HP: 71/71 MP: 9/9
  3567 | D:7      | Lost mutation: You are completely covered in iridescent
                  | scales. (AC +6) [Jiyva's grace]
  3567 | D:7      | Lost mutation: You are mostly covered in iridescent scales.
                  | (AC +4) [Jiyva's grace]
  3567 | D:7      | Gained mutation: You are resistant to electric shocks.
                  | (rElec) [Jiyva's grace]
  3567 | D:7      | Gained mutation: You are somewhat resistant to further
                  | mutation. [Jiyva's grace]
  3567 | D:7      | Gained mutation: You are somewhat resistant to both further
                  | mutation and mutation removal. [Jiyva's grace]
  3567 | D:7      | Gained mutation: You are almost entirely resistant to
                  | further mutation and mutation removal. [Jiyva's grace]
  3599 | D:7      | Found an iron altar of Okawaru.
  3662 | D:7      | Got Sif Muna's Papyrus of Star-crossed Diablerie
  3666 | D:7      | Found Rocuin's Assorted Antiques.
  3669 | D:7      | Bought a grey potion for 20 gold pieces
  3669 | D:7      | Bought a bubbling silvery potion for 20 gold pieces
  3669 | D:7      | Bought a grey potion for 20 gold pieces
  3881 | D:7      | Noticed a two-headed ogre
  3958 | D:8      | Found a radiant altar of Vehumet.
  4050 | D:8      | Found a flagged portal.
  4068 | Bailey   | Entered a bailey
  4093 | Bailey   | Reached skill level 10 in Axes
  4202 | Bailey   | Identified the +8 lajatang of Compound Interest {venom,
                  | Str+2}
  4234 | Bailey   | Noticed a two-headed ogre
  4258 | Bailey   | Killed a two-headed ogre
  4259 | Bailey   | Reached skill level 11 in Axes
  4402 | D:8      | Noticed Gastronok
  4416 | D:8      | Killed Gastronok
  4417 | D:8      | Reached XP level 10. HP: 52/82 MP: 10/10
  4569 | D:8      | Reached skill level 12 in Axes
  4613 | D:8      | Found Nygiq's Magic Scroll Shop.
  4621 | D:8      | Bought a scroll of teleportation for 39 gold pieces
  4650 | D:8      | Found Xefeoj's Assorted Antiques.
  4692 | D:8      | Found a basalt altar of Yredelemnul.
  4692 | D:8      | Found a burning altar of Makhleb.
  4793 | D:8      | Found Vesmahax's General Store.
  4812 | D:8      | Reached skill level 1 in Evocations
  4900 | D:8      | Found Fyet's Armour Emporium.
  4952 | D:8      | Found Weha Rau's Distillery.
  5291 | D:9      | Noticed Pikel
  5298 | D:9      | Killed Pikel
  5560 | D:9      | Found a white marble altar of Elyvilon.
  5716 | D:10     | Entered Level 10 of the Dungeon
  5758 | D:10     | Lost mutation: Your mind is very acute. (Int +8, Str/Dex
                  | -2) [Jiyva's grace]
  5758 | D:10     | Lost mutation: You are almost entirely resistant to further
                  | mutation and mutation removal. [Jiyva's grace]
  5758 | D:10     | Lost mutation: You are resistant to electric shocks.
                  | (rElec) [Jiyva's grace]
  5758 | D:10     | Gained mutation: Your flesh is heat resistant. (rF+)
                  | [Jiyva's grace]
  5758 | D:10     | Gained mutation: Your flesh is very heat resistant. (rF++)
                  | [Jiyva's grace]
  5758 | D:10     | Gained mutation: Your flesh is almost immune to the effects
                  | of heat. (rF+++) [Jiyva's grace]
  5758 | D:10     | Gained mutation: Your system is resistant to poisons.
                  | (rPois) [Jiyva's grace]
  5779 | D:10     | Reached skill level 13 in Axes
  5857 | D:10     | Reached XP level 11. HP: 88/90 MP: 11/11
  5894 | D:10     | Found a staircase to the Lair.
  5902 | D:10     | Reached skill level 10 in Fighting
  5911 | Lair:1   | Entered Level 1 of the Lair of Beasts
  6151 | Lair:3   | Noticed a four-headed hydra
  6177 | Lair:3   | Killed a four-headed hydra
  6178 | Lair:3   | Reached skill level 14 in Axes
  6396 | Lair:4   | Noticed a lindwurm
  6410 | Lair:4   | Killed a lindwurm
  6476 | Lair:4   | Noticed a five-headed hydra
  6518 | Lair:3   | Reached XP level 12. HP: 70/100 MP: 12/12
  6551 | Lair:3   | Reached skill level 5 in Dodging
  6567 | Lair:3   | Identified the +3 mace "Cuhej" {pain, rF+ rC+}
  6783 | Lair:3   | Found a staircase to the Snake Pit.
  6855 | Lair:4   | Identified a scroll of acquirement
  6855 | Lair:4   | Acquired the +1 pair of gloves of the Exiled Artisans {rN+
                  | Will+ Str+3}
  6908 | Lair:5   | Entered Level 5 of the Lair of Beasts
  7072 | Lair:5   | HP: 3/102 [yak[a torpor snail] (6)]
  7078 | Lair:5   | Killed by an exploding yak... ignited by their inner flame

Illustrated notes

Levels and vault maps discovered:
D:1:      dpeg_arrival_arbitrary_a, layout_basic,
          hellmonk_ecumenical_altar_heavens_door
D:2:      layout_basic, uniq_natasha
D:3:      layout_basic, minitemple, uniq_crazy_yiuf_cottage
D:4:      layout_cave_pools
D:5:      layout_cave_pools, temple_pool_b, kennysheep_potato
D:6:      layout_basic, nicolae_overflow_crystal_walls, roderic_batcave,
          uniq_jeremiah, uniq_sigmund
D:7:      layout_gridville, mainiacjoe_overflow_alcove_2, serial_shops,
          kennysheep_mini_moat
D:8:      layout_loops_corners, mainiacjoe_overflow_alcove_1,
          nicolae_overflow_two_pavilions, enter_bailey_3, serial_shops,
          nicolae_shop_waterfront, shop, shop, nicolae_shop_crystal, shop,
          serial_bayou_lagoon_a, uniq_gastronok
D:9:      layout_big_octagon, mainiacjoe_overflow_cross_hatched,
          kb_lookout_dungeons_type, eino_tiny_chamber, uniq_pikel
D:10:     lemuel_castle_with_subvaults [lemuel_castle_interior_carwin_1],
          layout_stronghold, grunt_lair_entry_orc_guard_hut,
          gammafunk_ghost_spectres, serial_bayou_crossing
Temple:   minmay_temple_curvy_loop
Lair:1:   dpeg_oklob_gauntlet, layout_regular_city, basic_altar, uniq_urug
Lair:2:   layout_chaotic_city
Lair:3:   layout_gridlike, shoals_dummy_entry, alex1729_snake_entry_snake,
          serial_bayou_shore_b, uniq_fannar
Lair:4:   layout_misc_corridors, uniq_kirke
Lair:5:   due_jungle_book, layout_concentric_octagons, slime_entry_1,
          serial_bayou_shore_a

Skill      XL: |  1  2  3  4  5  6  7  8  9 10 11 12 |
---------------+-------------------------------------+-----
Axes           | 4 5 6 7 9 11 13 14 | 14.9
Fighting       | 4 5 6 8 9 11 | 11.9
Armour         | 1 2 3 |  3.0
Evocations     | 3 |  3.0
Dodging        | 4 5 |  5.8

Action                     |  1- 3 |  4- 6 |  7- 9 | 10-12 || total
---------------------------+-------+-------+-------+-------++-------
  Melee: Mace              |    29 |       |       |    73 ||   102
         Hand axe          |    90 |   147 |   233 |       ||   470
         Trident           |       |       |   112 |   402 ||   514
         Spear             |       |       |    17 |       ||    17
         War axe           |       |       |       |   145 ||   145
         Whip              |       |       |       |    51 ||    51
  Throw: Stone             |       |     3 |     4 |       ||     7
         Dart              |       |       |    23 |     6 ||    29
 Invoke: Slimify           |       |       |     1 |       ||     1
         Oozemancy         |       |       |       |     1 ||     1
  Evoke: Wand              |       |       |     7 |     3 ||    10
    Use: Scroll            |       |     2 |     4 |     8 ||    14
         Potion            |       |     2 |     1 |    10 ||    13
   Stab: Sleeping          |     1 |       |       |       ||     1
         Invisible         |       |     1 |       |       ||     1
 Armour: Robe              |     8 |       |       |       ||     8
         Leather armour    |    36 |    18 |    84 |   347 ||   485
         Ring mail         |       |    41 |    40 |       ||    81
  Dodge: Dodged            |    53 |    49 |    90 |   272 ||   464

Table legend: (Time is in decaauts)
 A = Elapsed time spent in this place.
 B = Non-inter-level travel time spent in this place.
 C = Inter-level travel time spent in this place.
 D = Time resting spent in this place.
 E = Time spent auto-exploring this place.
 F = Levels seen in this place.
 G = Mean time per level.
                   A        B        C        D        E       F      G
               +--------+--------+--------+--------+--------+-----+--------+
         Total |   7106 |   6853 |    253 |    318 |   3502 |  17 |  418.0 |
       Dungeon |   5697 |   5476 |    221 |    132 |   3416 |  10 |  569.7 |
        Temple |      1 |      1 |      0 |      0 |      0 |   1 |    1.0 |
          Lair |   1109 |   1077 |     32 |    173 |     70 |   5 |  221.8 |
        Bailey |    296 |    296 |      0 |     13 |     16 |   1 |  296.0 |
               +--------+--------+--------+--------+--------+-----+--------+

Top non-repeatable levels by time:
     D:8: 1023 daAuts
     D:3: 722 daAuts
     D:6: 690 daAuts
     D:5: 635 daAuts
  Lair:3: 563 daAuts
     D:1: 553 daAuts
     D:9: 518 daAuts
     D:2: 497 daAuts
     D:4: 494 daAuts
     D:7: 335 daAuts
  Bailey: 296 daAuts
  Lair:4: 247 daAuts
    D:10: 228 daAuts
  Lair:5: 159 daAuts
  Lair:1: 105 daAuts
